 Dungeon Crawl Stone Soup version 0.28-a0-247-gb8bfbab023 (webtiles) character file.

Game seed: 10287149673127731752

111 speeev33 the Skirmisher (level 4, -4/42 HPs)
             Began as a Hill Orc Fighter on Aug 26, 2021.
             Slain by Grinder (5 damage)
             ... while paralysed by Grinder
             ... on level 3 of the Dungeon.
             The game lasted 00:04:12 (2298 turns).

speeev33 the Skirmisher (Hill Orc Fighter)          Turns: 2298, Time: 00:04:12

Health: -4/42      AC: 14    Str: 19    XL:     4   Next: 92%
Magic:  4/4        EV:  2    Int:  8    God:
Gold:   138        SH:  0    Dex: 10    Spells: 3/3 levels left

rFire   . . .      SeeInvis .   a - +0 war axe
rCold   . . .      Faith    .   c - +0 kite shield
rNeg    . . .      Spirit   .   b - +0 scale mail
rPois   .          Reflect  .   p - +0 helmet
rElec   .          Harm     .   d - +1 cloak {Will+}
rCorr   .          Rampage  .   (no gloves)
Will    +....                   (no boots)
Stlth   ..........              (no amulet)
HPRegen 0.14/turn               g - +4 ring of protection
MPRegen 0.09/turn               (no ring)

@: paralysed
A: no striking features
a: no special abilities


You were on level 3 of the Dungeon.
You visited 1 branch of the dungeon, and saw 3 of its levels.

You collected 138 gold pieces.

Inventory:

Hand Weapons
 a - a +0 war axe (weapon)
Missiles
 l - 7 poisoned darts (quivered)
Armour
 b - a +0 scale mail (worn)
 c - a +0 kite shield (worn)
 d - a +1 cloak of willpower (worn)
 p - a +0 helmet (worn)
Jewellery
 g - a +4 ring of protection (left hand)
Scrolls
 h - a scroll of noise {unknown}
 i - a scroll of enchant weapon {unknown}
 m - a scroll of blinking {unknown}
 n - a scroll of identify {unknown}
Potions
 e - 2 potions of flight {unknown}
 f - a potion of resistance {unknown}
 j - a potion of degeneration {unknown}
 k - 2 potions of magic {unknown}
 o - a potion of lignification {unknown}


   Skills:
 + Level 5.3 Fighting
 + Level 5.0 Axes
 - Level 3.2 Armour
 + Level 3.3 Shields


You had 3 spell levels left.
You didn't know any spells.
Your spell library contained the following spells:

 Spells                   Type           Power      Damage    Failure   Level
 Borgnjor's Revivificati  Necr           0%         N/A       100%        8
 Necromutation            Tmut/Necr      0%         N/A       100%        8
 Death's Door             Necr           0%         N/A       100%        9


Dungeon Overview and Level Annotations

Branches:
Dungeon (3/15)

Altars:
Gozag
Nemelex Xobeh

Shops:
D:1 (*=*?

Annotations:
D:3 Grinder


Message History

Grinder gestures at you. You resist with some effort.
Grinder blinks!
Grinder gestures at you. You resist with some effort. Grinder gestures at you.
You suddenly lose the ability to move!
Grinder gestures at you. You resist with some effort.
Grinder hits you but does no damage.
Grinder blinks!
You can move again.
Grinder gestures at you.
You easily resist.
You barely miss Grinder.
Grinder is almost dead.
Grinder hits you.
You closely miss Grinder.
Grinder is almost dead.
Grinder blinks!
Grinder gestures at you. Pain shoots through your body!
Grinder gestures at you. Pain shoots through your body!
* * * LOW HITPOINT WARNING * * *
Grinder blinks!
Grinder gestures at you. You resist with some effort. Grinder gestures at you.
You suddenly lose the ability to move!
Grinder gestures at you. You resist with some effort. Grinder hits you.
* * * LOW HITPOINT WARNING * * *
You writhe in agony.
* * * LOW HITPOINT WARNING * * *
Grinder hits you.
* * * LOW HITPOINT WARNING * * *
You writhe in agony.
You die...

..####.# ### #.# # #.#
######.#################
....)..................#
######.###....##..#..#.#
# #.# #....##..#..# # #
#.# #....##..#..# # #.#
#....##@5...#
#.###....###†#.##
#............#.#
#####....#####.#
#....'.....#
#....####### ###.## #.#
#.#


You could see Grinder.

Vanquished Creatures
  Crazy Yiuf (D:2)
  3 adders (D:2)
  A worm (D:2)
  2 dart slugs
  3 orcs (D:3)
  8 ball pythons
  3 endoplasms
  A giant cockroach (D:2)
  3 hobgoblins
  8 jackals (D:1)
  2 quokkas
  2 bats
  4 frilled lizards
  3 kobolds
  A rat (D:2)
45 creatures vanquished.

Notes
Turn   | Place    | Note
-------+----------+-------------------------------------------
     0 | D:1      | speeev33 the Hill Orc Fighter began the quest for the Orb.
     0 | D:1      | Reached XP level 1. HP: 19/19 MP: 1/1
    11 | D:1      | Found Feuxeag's Assorted Antiques.
   228 | D:1      | Found Qutze's Assorted Antiques.
   229 | D:1      | Found Uboal's Jewellery Shop.
   253 | D:1      | Reached XP level 2. HP: 21/27 MP: 2/2
   454 | D:1      | Found Yrhuas's Antique Weapon Emporium.
   560 | D:1      | Reached XP level 3. HP: 34/34 MP: 3/3
   693 | D:1      | Found Hoqekk's Magic Scroll Emporium.
   742 | D:1      | Found a faded altar of an unknown god.
  1154 | D:2      | Found a runed translucent door.
  1155 | D:2      | Noticed Crazy Yiuf
  1251 | D:2      | Reached XP level 4. HP: 41/41 MP: 4/4
  1670 | D:2      | Killed Crazy Yiuf
  1671 | D:2      | Reached skill level 5 in Fighting
  2069 | D:3      | Found an opulent altar of Gozag.
  2070 | D:3      | Found a sparkling altar of Nemelex Xobeh.
  2185 | D:3      | Reached skill level 5 in Axes
  2241 | D:3      | Noticed Grinder
  2280 | D:3      | Paralysed by Grinder for 7 turns
  2293 | D:3      | Paralysed by Grinder for 6 turns
  2297 | D:3      | HP: 2/42 [Grinder (1)]
  2298 | D:3      | Slain by Grinder

Illustrated notes

Levels and vault maps discovered:
D:1:      mrwooster_arrival_statue, layout_rooms, serial_shops,
          nicolae_shop_statue_plus, shop_statue, shop,
          nicolae_shop_competitors_out_of_business, shop,
          shapermc_ecumenical_altar_starsandcircs,
          hangedman_abyss_or_decor_lesser_grid
D:2:      layout_basic, minmay_tromino_v2, uniq_crazy_yiuf_cottage
D:3:      layout_basic, grunt_temple_overflow_opulence, uniq_grinder

Skill      XL: |  1  2  3  4 |
---------------+-------------+-----
Axes           | 3 4 5 |  5.0
Fighting       | 4 5 |  5.3
Armour         | |  3.2
Shields        | |  3.3

Action                   |  1- 3 |  4- 6 || total
-------------------------+-------+-------++-------
Melee: War axe           |   103 |    64 ||   167
  Use: Potion            |       |     1 ||     1
Armor: Scale mail        |    80 |    35 ||   115
Dodge: Dodged            |    56 |    17 ||    73
Block: Kite shield       |    50 |    14 ||    64

Table legend: (Time is in decaauts)
 A = Elapsed time spent in this place.
 B = Non-inter-level travel time spent in this place.
 C = Inter-level travel time spent in this place.
 D = Time resting spent in this place.
 E = Time spent auto-exploring this place.
 F = Levels seen in this place.
 G = Mean time per level.
                   A        B        C        D        E       F      G
               +--------+--------+--------+--------+--------+-----+--------+
         Total |   2387 |   2208 |    179 |    478 |   1166 |   3 |  795.7 |
       Dungeon |   2387 |   2208 |    179 |    478 |   1166 |   3 |  795.7 |
               +--------+--------+--------+--------+--------+-----+--------+

Top non-repeatable levels by time:
     D:2: 1249 daAuts
     D:1: 868 daAuts
     D:3: 269 daAuts
